 Dungeon Crawl Stone Soup version 0.13-a0-2417-g818e1a6 (webtiles) character file.

717 JogiH the Magician (level 7, 0/60 HPs)
             Began as a Djinni Wizard on July 15, 2013.
             Was an Initiate of Sif Muna.
             Slain by an ice beast (12 damage)
             ... on Level 5 of the Dungeon on July 16, 2013.
             The game lasted 00:33:14 (7443 turns).

JogiH the Magician (Djinni Wizard)                  Turns: 7443, Time: 00:33:14

HP   0/60        AC  5     Str  7      XL: 7   Next: 11%
MP   0/0         EV 12     Int 27      God: Sif Muna [......]
Gold 148         SH  0     Dex 11      Spells:  7 memorised,  5 levels left

Res.Fire  : + + +   See Invis. : .   v - staff of wizardry
Res.Cold  : . . .   Warding    : .   w - +0 robe of Music {rF+}
Life Prot.: + + +   Conserve   : .   (no shield)
Res.Poison: .       Res.Corr.  : .   b - +0 wizard hat
Res.Elec. : .       Clarity    : .   g - +2 cloak
Sust.Abil.: . .     Spirit.Shd : .   (no gloves)
Res.Mut.  : .       Stasis     : .   (boots unavailable)
Res.Rott. : .       Flight     : .   (no amulet)
Saprovore : . . .                    d - ring of protection from cold
                                     p - +6 ring of intelligence

@: slightly resistant to hostile enchantments, unstealthy
A: no striking features
a: Renounce Religion


You were on level 5 of the Dungeon.
You worshipped Sif Muna.
Sif Muna was pleased with you.
You were not hungry.

You visited 2 branches of the dungeon, and saw 6 of its levels.
You also visited: Sewer.

You collected 188 gold pieces.
You spent 60 gold pieces at shops.

Inventory:

Hand weapons
 l - a +0,+2 spear of dragon slaying (quivered)
Armour
 b - a +0 wizard hat (worn)
 g - a +2 cloak (worn)
 u - a +0 elven robe
 w - the +0 robe of Music (worn) {rF+}
   (You found it on level 4 of the Dungeon)

   It protects you from fire.
Magical devices
 a - a wand of random effects (7) {unknown}
 z - a wand of frost (5) {unknown}
Scrolls
 m - a scroll of enchant weapon I
 s - 2 scrolls of remove curse
 t - a scroll of teleportation {unknown}
 y - a scroll of curse weapon {unknown}
 A - a scroll of random uselessness {unknown}
Jewellery
 d - a ring of protection from cold (right hand)
 i - a -2 ring of dexterity
 p - a +6 ring of intelligence (left hand)
 r - an uncursed ring of flight
Potions
 e - a potion of resistance
 f - 4 potions of heal wounds
 h - a potion of agility {unknown}
 j - 2 potions of curing
 k - a potion of slowing {unknown}
 n - a potion of beneficial mutation {unknown}
 o - 2 potions of flight
 q - 2 potions of might {unknown}
 x - a potion of mutation {unknown}
Books
 c - a book of Minor Magic

   Spells                             Type                      Level
   *Magic Dart                        Conjuration                  1
   *Blink                             Translocation                2
   *Call Imp                          Summoning                    2
   *Repel Missiles                    Charms/Air                   2
   *Slow                              Hexes                        2
   *Conjure Flame                     Conjuration/Fire             3
   *Mephitic Cloud                    Conjuration/Poison/Air       3
Magical staves
 v - an uncursed staff of wizardry (weapon)


   Skills:
 - Level 1.7 Dodging
 - Level 1.5 Stealth
 + Level 7.0 Spellcasting
 * Level 3.7 Conjurations
 * Level 0.5 Hexes
 * Level 0.6 Charms
 - Level 3.4 Summonings
 * Level 1.2 Translocations
 * Level 1.0 Fire Magic
 * Level 0.2 Air Magic
 * Level 0.3 Poison Magic


You had 5 spell levels left.
You knew the following spells:

 Your Spells              Type           Power        Failure   Level  Hunger
a - Magic Dart            Conj           ####         1%          1    None
b - Blink                 Tloc           N/A          2%          2    None
c - Call Imp              Summ           ####......   1%          2    None
d - Conjure Flame         Conj/Fire      ###.....     3%          3    None
e - Mephitic Cloud        Conj/Pois/Air  ###.....     4%          3    None
f - Repel Missiles        Chrm/Air       ##........   3%          2    None
g - Slow                  Hex            ##......     3%          2    None


Dungeon Overview and Level Annotations

Branches:
Dungeon (5/27)             Temple (1/1) D:4

Altars:
Sif Muna
Vehumet
Zin

Annotations
D:2 Sigmund
D:5 Menkaure


Message History

Your white imp barely misses the ice beast.
Your crimson imp closely misses the ice beast.
Your white imp disappears in a puff of smoke!
Your crimson imp hits the ice beast.
You barely miss the ice beast.
The ice beast is heavily wounded.
The ice beast hits you but does no damage.
Your iron imp barely misses the ice beast.
Your crimson imp blinks!
You barely miss the ice beast.
The ice beast is heavily wounded.
The ice beast hits you. The ice beast freezes you!
* * * LOW HITPOINT WARNING * * *
Your iron imp hits the ice beast.
You hit the ice beast.
The ice beast is severely wounded.
The ice beast hits you.
* * * LOW HITPOINT WARNING * * *
The ice beast freezes you!
You die...

#.........# #.........#
#.........# #.........#
#.........# #.........#
#.........# #.......<.#
#.......@.# #.......I.#
#.......55#
#########.........#######
.....<.........>%........
.........%.5.............
.......................5.>
...)......................
..........................


You could see an ice beast, a friendly iron imp and 2 friendly crimson imps.

Vanquished Creatures
  A giant frog zombie (D:5)
  2 worker ants (D:4)
  An adder (D:5)
  A giant mite (D:3)
  A worm (D:5)
  2 giant eyeballs
  9 giant geckos
  4 oozes
  6 orcs
  8 goblins
  10 hobgoblins
  10 jackals
  2 quokkas (D:3)
  A ball python (D:1)
  10 bats
  5 giant cockroaches
  4 giant newts
  A goblin skeleton (D:4)
  11 kobolds
  13 rats
  2 rat skeletons (D:5)
104 creatures vanquished.

Vanquished Creatures (collateral kills)
  2 ogres (D:4)
  A big kobold (Sewer)
  The ghost of Pascal76 the Slasher, a weakling CeGl (D:3)
  A crimson imp (D:4)
  A big fish (Sewer)
  An orc priest (D:3)
  An orc wizard (D:4)
  A worker ant (D:3)
  Terence (D:3)
  4 adders
  3 grey rats (Sewer)
  A giant eyeball (D:4)
  2 orcs
  2 giant cockroaches
  A goblin (D:1)
  A hobgoblin (D:1)
  12 jackals
  2 kobolds
  A quokka (D:3)
  A bat (D:1)
  A rat (D:2)
41 creatures vanquished.

Vanquished Creatures (others)
  6 crimson imps (D:3)
  2 shadow imps (D:3)
  4 white imps
  A hobgoblin (D:4)
  A kobold (D:3)
  A giant cockroach (D:3)
  A rat (D:1)
16 creatures vanquished.

Grand Total: 161 creatures vanquished

Notes
Turn   | Place    | Note
--------------------------------------------------------------
     0 | D:1      | JogiH, the Djinni Wizard, began the quest for the Orb.
     0 | D:1      | Reached XP level 1. HP: 14/14 MP: 0/0
     0 | D:1      | Upgraded the game from 0.13-a0-2398-gfa67c8a to 0.13-a0-2417-g818e1a6
   327 | D:1      | Reached skill level 4 in Spellcasting
   452 | D:1      | Reached XP level 2. EP: 19/23
   485 | D:1      | Learned a level 2 spell: Blink
   488 | D:1      | Learned a level 2 spell: Call Imp
  1294 | D:1      | Reached XP level 3. EP: 16/29
  1817 | D:2      | Found Zin's Purification Station.
  1821 | D:2      | Found a glowing silver altar of Zin.
  1824 | D:2      | Bought a potion of curing for 60 gold pieces
  1989 | D:2      | Noticed Sigmund
  2809 | D:2      | Reached XP level 4. EP: 20/37
  2908 | D:3      | Noticed Terence
  3007 | D:3      | Reached skill level 5 in Spellcasting
  3166 | D:3      | Killed Terence
  3447 | D:3      | Found a glowing drain.
  3481 | Sewer    | Entered a sewer
  3703 | Sewer    | Noticed a big kobold
  3752 | Sewer    | Killed a big kobold
  3752 | Sewer    | Reached XP level 5. EP: 18/44
  3915 | Sewer    | Found a white marble altar of Elyvilon.
  4010 | D:3      | Noticed Pascal76's ghost (weakling CeGl)
  4891 | D:3      | Killed Pascal76's ghost
  4891 | D:3      | Reached skill level 6 in Spellcasting
  5157 | D:3      | Reached XP level 6. EP: 50/53
  5376 | D:4      | Learned a level 3 spell: Conjure Flame
  5380 | D:4      | Learned a level 3 spell: Mephitic Cloud
  5383 | D:4      | Learned a level 2 spell: Repel Missiles
  5386 | D:4      | Learned a level 2 spell: Slow
  5900 | D:4      | Found a staircase to the Ecumenical Temple.
  5932 | Temple   | Entered the Ecumenical Temple
  5946 | Temple   | Became a worshipper of Sif Muna the Loreminder
  6487 | D:4      | Reached skill level 7 in Spellcasting
  6564 | D:4      | Got a silk robe
  6574 | D:4      | Identified the +0 robe of Music {rF+} (You found it on level 4 of the Dungeon)
  6929 | D:5      | Entered Level 5 of the Dungeon
  6929 | D:5      | Noticed Menkaure
  7000 | D:4      | Reached XP level 7. EP: 38/60
  7099 | D:5      | Reached skill level 1 in Fire Magic
  7281 | D:5      | Paralysed by a giant eyeball for 4 turns
  7443 | D:5      | Slain by an ice beast

Action                   |  1- 3 |  4- 6 |  7- 9 || total
-------------------------+-------+-------+-------++-------
Melee: Spear             |    43 |    76 |       ||   119
       Staff             |       |    20 |     8 ||    28
 Cast: Magic Dart        |   106 |   115 |    29 ||   250
       Call Imp          |    21 |    50 |     6 ||    77
       Blink             |     2 |       |       ||     2
       Conjure Flame     |       |     1 |     1 ||     2
       Mephitic Cloud    |       |     1 |       ||     1
  Use: Scroll            |     4 |     5 |       ||     9
       Potion            |     1 |       |       ||     1
 Stab: Distracted        |       |     1 |       ||     1
